cohdb
Replays
Latest Replays
All Replays
Popular Replays
Top Player Replays
Match Explorer
How It Works
Community
CoH3 Stats
Reddit
Sign in to upload your games and track your stats! →
Sign in with Steam
Match 42678832
Unlisted
Match 42678832
Overview
Messages
Build Orders
End
Construct Barracks
Engineer Squad
Riflemen Squad
Riflemen Squad
Engineer Squad
Air Support Center
Selects Airborne Battlegroup
Selects Heavy Machine Gun Paradrop
Heavy Machine Gun Paradrop
Construct Medical Station
Selects Paratrooper Squad Paradrop
Heavy Machine Gun Paradrop
P-47 Strafing Run
Paratrooper Squad Paradrop
Construct Motor Pool
M1 Anti-tank Gun Team
Selects Anti-tank Gun Team Paradrop
Anti-tank Gun Team Paradrop
Grasshopper Recon Run
Heavy Machine Gun Paradrop
M24 Chaffee Light Tank
.30 cal Machine Gun
P-47 Dive Bomb
Anti-tank Gun Team Paradrop
P-47 Strafing Run
M24 Chaffee Light Tank
P-47 Dive Bomb
Heavy Machine Gun Paradrop
P-47 Dive Bomb
XuZhongwei
seia
0
0
Comments
sign in to comment!
No comments posted yet!